 Dungeon Crawl Stone Soup version 0.30.1-11-g7821555f0a (webtiles) character file.

Game seed: 2091996852310086492

138 KittyFluff the Cudgeller (level 5, -3/33 HPs)
             Began as a Gargoyle Berserker on Nov 10, 2023.
             Was a Believer of Trog.
             Slain by a gnoll
             ... wielding a +0 halberd
              (4 damage)
             ... on level 3 of the Dungeon.
             The game lasted 00:08:03 (2388 turns).

KittyFluff the Cudgeller (Gargoyle Berserker)       Turns: 2388, Time: 00:08:04

Health: -3/33      AC: 10    Str: 23    XL:     5   Next: 21%
Magic:  5/5        EV: 11    Int:  7    God:    Trog [**....]
Gold:   87         SH:  7    Dex: 15    Spells: 4/4 levels left

rFire   . . .        a - +0 mace
rCold   . . .        s - +0 kite shield
rNeg    + . .        w - +0 leather armour
rPois   ∞            (no helmet)
rElec   +            f - +2 cloak {Will+}
rCorr   .            (no gloves)
SInv    .            (no boots)
Will    +....        (no amulet)
Stlth   ++           q - +6 ring of dexterity
HPRegen 0.25/turn    (no ring)
MPRegen 0.09/turn

%: no passive effects
@: flying, hasted, very quick
A: sickness immunity, AC +4, negative energy resistance 1, electricity
resistance, torment resistance 1, petrification resistance
a: Renounce Religion, Berserk, Trog's Hand


You were on level 3 of the Dungeon.
You worshipped Trog.
Trog was pleased with you.
You visited 1 branch of the dungeon, and saw 3 of its levels.

You collected 87 gold pieces.

Inventory:

Hand Weapons
 a - a +0 mace (weapon)
Missiles
 c - 7 poisoned darts (quivered)
 l - 6 boomerangs
Armour
 f - a +2 cloak of willpower (worn)
 s - a +0 kite shield (worn)
 w - a +0 leather armour (worn)
Jewellery
 q - a +6 ring of dexterity (left hand)
Wands
 p - a wand of charming (9)
Scrolls
 d - a scroll of enchant weapon {unknown}
 g - a scroll of vulnerability {unknown}
 i - 3 scrolls of teleportation {unknown}
 o - a scroll of magic mapping {unknown}
 r - a scroll of identify {unknown}
 t - 2 scrolls of blinking {unknown}
 u - a scroll of fear {unknown}
 v - 2 scrolls of enchant armour {unknown}
Potions
 e - a potion of might {unknown}
 h - a potion of heal wounds {unknown}
 j - a potion of flight
 k - a potion of brilliance {unknown}
 m - 3 potions of mutation {unknown}
 n - a potion of cancellation {unknown}


   Skills:
 + Level 3.7 Fighting
 * Level 3.9 Maces & Flails
 * Level 3.5 Armour
 + Level 2.1 Dodging
 + Level 1.8 Stealth
 + Level 0.6 Shields


You had 4 spell levels left.
You didn't know any spells.
Your spell library was empty.

Dungeon Overview and Level Annotations

Branches:
Dungeon (3/15)

Altars:


Innate Abilities, Weirdness & Mutations

You are immune to sickness and miasma.
Your stone body is resilient. (AC +4)
You are immune to poison.
You resist negative energy. (rN+)
You are resistant to electric shocks. (rElec)
You are resistant to unholy torment.
You are immune to petrification.


Message History

Found a ring mail.
b - a fuming amethyst potion 2 gnolls come into view.
A gnoll comes into view. It is wielding a +0 whip.
The gnoll shouts! x3
You block the gnoll's attack.
You barely miss the gnoll. The gnoll closely misses you.
The gnoll hits you with a +0 whip. The gnoll hits you but does no damage.
You barely miss the gnoll. The gnoll barely misses you. x2
You barely miss the gnoll. The gnoll hits you with a +0 whip.
The gnoll barely misses you.
You hit the gnoll.
The gnoll is lightly wounded.
The gnoll barely misses you. x2; The gnoll closely misses you.
The gnoll hits you from afar with a +0 halberd.
You hit the gnoll.
The gnoll is moderately wounded.
The gnoll hits you but does no damage. You block the gnoll's attack.
You sock the gnoll!
The gnoll is almost dead.
The gnoll hits you with a +0 whip.
The gnoll hits you from afar with a +0 halberd.
You hit the gnoll.
You kill the gnoll!
Trog accepts your kill. You block the gnoll's attack.
The gnoll hits you from afar with a +0 halberd!
The gnoll hits you with a +0 halberd.
Things that are here:
a +0 whip; a gnoll corpse You hit the gnoll.
The gnoll is lightly wounded.
The gnoll hits you with a +0 halberd!
* * * LOW HITPOINT WARNING * * *
It was a potion of flight.
You feel very buoyant.
You fly up into the air.
You block the gnoll's attack.
It was a potion of haste.
You feel yourself speed up. The gnoll hits you with a +0 halberd.
You die...

# # # # ######### ##
#..@ggg.###########.
#.#####..........)..
#.# ##########.P #.#
##..# #.###
######...# #...#
#......#.# ###.#
#.####...# #.# #.#
##..# #.# #.# #†..


You could see 3 gnolls.

Vanquished Creatures
  3 adders
  4 gnolls (D:3)
  A worm (D:3)
  6 orcs (D:3)
  4 bats
  5 endoplasms
  4 giant cockroaches
  6 goblins
  6 hobgoblins
  5 kobolds
  A quokka (D:3)
  7 ball pythons
  4 frilled lizards
  7 rats
63 creatures vanquished.

Notes
Turn   | Place    | Note
-------+----------+-------------------------------------------
     0 | D:1      | KittyFluff the Gargoyle Berserker began the quest for the
                  | Orb.
     0 | D:1      | Reached XP level 1. HP: 14/14 MP: 1/1
   355 | D:1      | Reached XP level 2. HP: 19/19 MP: 2/2
   929 | D:1      | Reached skill level 1 in Stealth
  1114 | D:2      | Reached XP level 3. HP: 9/23 MP: 3/3
  1688 | D:2      | Reached ** piety under Trog
  1784 | D:2      | Reached XP level 4. HP: 19/28 MP: 4/4
  2119 | D:3      | Reached XP level 5. HP: 33/33 MP: 5/5
  2386 | D:3      | HP: 1/33 [gnoll/+0 halberd (10)]
  2388 | D:3      | Slain by a gnoll

Illustrated notes

Levels and vault maps discovered:
D:1:      amcnicky_arrival_flooded_fountain, layout_basic
D:2:      layout_loops_cross
D:3:      cheibrodos_old_hovel, layout_loops_ring, uniq_ijyb

Skill      XL: |  1  2  3  4 |
---------------+-------------+-----
Stealth        | 1 |  1.8
Armour         | 3 |  3.5
Dodging        | 2 |  2.1
Fighting       | |  3.7
Maces & Flails | |  3.9
Shields        | |  0.6

Action                     |  1- 3 |  4- 6 || total
---------------------------+-------+-------++-------
  Melee: Mace              |   115 |    91 ||   206
         Punch             |     1 |       ||     1
 Invoke: Berserk           |       |     1 ||     1
    Use: Potion            |       |     2 ||     2
   Stab: Sleeping          |     6 |       ||     6
 Armour: Animal skin       |    43 |    18 ||    61
         Leather armour    |       |    12 ||    12
  Dodge: Dodged            |    74 |    37 ||   111
  Block: Kite shield       |     3 |    39 ||    42
